Map: Proxima Station LE

Players

uThermal

  • Race: Terran Terran
  • Spawn Location: 1:00

Zanster - Winner!

  • Race: Zerg Zerg
  • Spawn Location: 7:00

Event: IEM XI Katowice - World Championship 2017

VOD

Have the link to the VOD?

Description

Time

  • Played on: Feb. 27, 2017, 9:12 a.m.
  • Length: 18:05

All games in this series

Show
View Real Time Build Order
Export as new Build Order

uThermal Terran 

Build Orders: Reaper Expand, MMM Bio 

Get SALT Encoding   

  12  0:01  SCV  
  13  0:13  SCV  
  14  0:19  Supply Depot  
  14  0:25  SCV  
  15  0:40  SCV  
  15  0:41  Barracks  
  16  0:43  Refinery  
  16  0:52  SCV  
  17  1:04  SCV  
  18  1:16  SCV  
  19  1:28  Reaper, Orbital Command  
  20  1:42  Command Center  
  20  1:53  Barracks  
  20  1:56  SCV  
  20  2:00  Barracks Reactor  
  21  2:08  SCV  
  22  2:14  Supply Depot  
  22  2:20  SCV  
  22  2:21  Refinery  
  23  2:36  SCV  
  24  2:39  Marine x2  
  24  2:40  Barracks Tech Lab  
  24  2:42  Factory  
  26  2:48  SCV  
  27  2:54  Orbital Command  
  27  3:00  Marine, Stimpack, SCV  
  27  3:01  Marine  
  27  3:04  Marine  
  31  3:12  SCV  
  32  3:18  Marine  
  32  3:19  Marine  
  34  3:21  Marine, SCV  
  34  3:24  SCV  
  37  3:27  Starport  
  37  3:29  Factory Reactor  
  37  3:33  SCV  
  38  3:36  Marine, SCV  
  38  3:37  Marine  
  41  3:41  Supply Depot  
  41  3:42  Marine  
  41  3:45  SCV  
  43  3:48  SCV  
  43  3:54  Marine  
  43  3:55  Marine  
  45  4:00  SCV  
  45  4:01  Supply Depot  
  46  4:02  Marine  
  46  4:03  SCV  
  48  4:10  Medivac  
  48  4:11  Marine, Medivac  
  48  4:13  Marine  
  54  4:20  Supply Depot  
  54  4:22  Marine, SCV x2  
  54  4:23  Supply Depot  
  57  4:29  Marine  
  57  4:30  Marine  
  59  4:34  SCV x2  
  61  4:42  Engineering Bay  
  61  4:43  Engineering Bay  
  61  4:47  SCV  
  61  4:48  Refinery  
  61  4:49  Marine x2  
  61  4:50  Marine  
  65  4:53  SCV  
  65  4:59  SCV  
  67  5:00  Combat Shields  
  67  5:05  SCV  
  68  5:11  SCV  
  68  5:17  SCV  
  68  5:21  Marine x3  
  61  5:23  SCV  
  61  5:24  Factory Reactor  
  61  5:26  Command Center  
  61  5:27  Barracks  
  65  5:29  SCV, Medivac x2  
  65  5:35  Supply Depot  
  70  5:37  Terran Infantry Weapons Level 1  
  70  5:39  Terran Infantry Armor Level 1  
  70  5:45  Marine x2  
  72  5:54  SCV x2  
  72  5:55  Refinery  
  72  5:56  Supply Depot, Marine  
  75  6:06  Marine  
  75  6:09  Barracks x2  
  75  6:10  Factory Reactor  
  76  6:12  SCV  
  77  6:20  Marine x2  
  77  6:21  Marine  
  77  6:22  Armory  
  77  6:23  SCV  
  77  6:24  Marine, SCV  
  83  6:26  Marine  
  84  6:35  SCV  
  84  6:38  Marine x2  
  79  6:47  Marine x2  
  79  6:48  Marine  
  79  6:51  Orbital Command  
  79  6:54  Missile Turret  
  79  6:55  Marine, SCV  
  79  6:56  Marine  
  79  6:58  Marine  
  79  7:01  Marine  
  77  7:04  Medivac  
  77  7:05  Marine x3  
  73  7:10  Widow Mine  
  73  7:13  Marine x2  
  69  7:16  Marine  
  69  7:18  Medivac  
  70  7:23  Marine x2  
  72  7:31  Marine  
  72  7:33  Terran Infantry Weapons Level 2  
  72  7:34  Medivac  
  72  7:36  Terran Infantry Armor Level 2  
  73  7:37  Marine  
  73  7:42  Marine, Missile Turret  
  73  7:44  Marine  
  73  7:45  Marine  
  73  7:47  Marine  
  73  7:49  Widow Mine  
  78  7:53  Marine  
  78  7:57  Marine  
  78  7:58  Marine  
  81  8:00  Marine  
  81  8:02  Orbital Command  
  82  8:06  Barracks Reactor x2  
  82  8:07  Marine, SCV x2  
  82  8:11  Marine  
  86  8:15  Marine  
  86  8:19  SCV x2  
  89  8:20  Widow Mine x2  
  89  8:21  Marine x2  
  89  8:25  Marine  
  89  8:28  Marine, SCV  
  89  8:30  Missile Turret  
  89  8:31  SCV x2  
  93  8:37  Marine  
  93  8:39  Marine x2, Supply Depot  
  93  8:40  SCV  
  97  8:43  Marine x2  
  97  8:44  Marine x2  
  97  8:46  Marine  
  102  8:49  Supply Depot  
  102  8:50  Marine  
  102  8:51  Supply Depot  
  102  8:52  Supply Depot, Widow Mine  
  102  8:55  Marine  
  104  8:57  Marine x2  
  104  8:59  Widow Mine  
  104  9:00  Supply Depot  
  104  9:01  Marine  
  109  9:04  Medivac x2  
  109  9:05  Marine  
  114  9:10  Supply Depot  
  114  9:11  Supply Depot  
  114  9:13  Marine  
  116  9:19  Marine  
  116  9:21  Widow Mine, Barracks  
  116  9:23  Barracks x2  
  108  9:29  Widow Mine  
  108  9:30  Missile Turret  
  110  9:32  Missile Turret  
  110  9:33  Marine  
  110  9:35  Marine  
  110  9:36  Missile Turret  
  110  9:37  Missile Turret x2  
  112  9:40  Marine, Missile Turret  
  112  9:42  Marine  
  112  9:44  Marine x2  
  112  9:45  Marine  
  116  9:48  Marine  
  116  9:49  Widow Mine  
  116  9:51  Marine  
  122  9:56  Marine  
  122  9:58  Marine, Widow Mine  
  122  9:59  Medivac  
  128  10:02  Marine  
  128  10:04  Terran Infantry Weapons Level 3  
  128  10:10  Terran Infantry Armor Level 3, Marine  
  129  10:15  Barracks Tech Lab  
  129  10:16  Marine, Barracks Reactor x2  
  129  10:18  Marine, Widow Mine  
  129  10:20  Marine  
  133  10:24  Marine  
  133  10:25  Marine  
  133  10:26  Widow Mine  
  137  10:30  Marine x2  
  137  10:33  Marine x2  
  141  10:36  Marine  
  141  10:40  Marine  
  141  10:41  Marine  
  142  10:46  Widow Mine  
  142  10:47  Marine  
  142  10:48  Marine x2  
  142  10:51  Marine, Unknown x3  
  142  10:53  Marine  
  142  10:55  Marine, Widow Mine  
  142  10:56  Marine x3  
  145  10:57  Marine  
  145  10:59  Marine x2  
  145  11:00  Missile Turret  
  145  11:03  Supply Depot x2, Marine  
  148  11:05  Marine  
  148  11:07  Marine x2  
  148  11:09  Marine  
  152  11:11  Marine  
  152  11:13  Medivac  
  152  11:17  Medivac  
  157  11:19  Supply Depot  
  157  11:20  Supply Depot  
  157  11:23  Missile Turret  
  157  11:24  Marine x3  
  160  11:32  Marine, Supply Depot  
  161  11:34  Supply Depot, Widow Mine  
  163  11:41  Marine  
  163  11:42  Medivac  
  159  11:49  Marine  
  159  11:50  Marine  
  159  11:53  Widow Mine  
  156  11:54  Marine  
  156  11:59  Medivac  
  160  12:02  Marine x2  
  160  12:04  Marine  
  160  12:05  Marine x3  
  160  12:07  Marine x2  
  149  12:09  Marine x3  
  149  12:10  Widow Mine  
  149  12:11  Marine  
  149  12:14  Marine  
  155  12:19  Marine  
  155  12:20  Marine  
  156  12:28  Marine x2  
  156  12:31  Missile Turret  
  154  12:40  Marine  
  136  12:44  Marine  
  136  12:45  Marine x2, Widow Mine  
  136  12:46  Marine x3, Missile Turret  
  136  12:47  Marine x2  
  136  12:48  Marine, Medivac  
  94  13:06  Marine x2  
  94  13:07  Marine  
  94  13:08  Marine x2, Medivac  
  94  13:09  Marine, Widow Mine  
  94  13:10  Marine  
  94  13:12  Marine x2  
  105  13:13  Marine, Widow Mine  
  105  13:16  Marine  
  105  13:18  Medivac  
  113  13:24  Marine  
  113  13:25  Marine  
  116  13:27  Marine  
  116  13:33  Missile Turret  
  116  13:34  Missile Turret  
  115  13:37  Widow Mine  
  117  13:42  Medivac  
  119  13:51  Marine, Orbital Command  
  119  13:52  Marine  
  119  13:53  Marine x2  
  119  13:54  Marine  
  122  13:59  Marine  
  122  14:01  Marine  
  122  14:02  Marine, Widow Mine  
  125  14:11  Marine x2  
  125  14:12  Marine x2  
  125  14:16  Marine  
  130  14:19  Marine x2  
  131  14:25  Missile Turret  
  131  14:26  Marine  
  131  14:28  Marine  
  123  14:31  Marine x2  
  123  14:33  Marine  
  123  14:37  Marine, Widow Mine  
  122  14:40  Medivac  
  124  14:50  Marine x2  
  124  14:51  Marine x2, Widow Mine  
  124  14:52  Marine x2  
  125  15:00  Marine  
  125  15:01  Marine x3  
  125  15:03  Medivac  
  131  15:07  Marine x3  
  131  15:08  Widow Mine  
  130  15:19  Marine  
  130  15:20  Marine x2  
  130  15:21  Liberator, Marine  
  126  15:22  Liberator  
  126  15:24  Marine  
  125  15:33  Marine x2, Widow Mine  
  125  15:34  Marine x2  
  127  15:42  Starport  
  132  15:43  Marine  
  131  15:50  Unknown x2  
  131  15:53  Marine x2  
  133  16:02  Liberator  
  133  16:03  Liberator  
  121  16:05  Marine x2  
  121  16:06  Marine  
  121  16:09  Marine, Widow Mine x2  
  121  16:10  Marine  
  136  16:27  Marine x3  
  136  16:28  Marauder  
  141  16:33  Marine  
  141  16:34  Marauder  
  144  16:40  Missile Turret  
  144  16:45  Liberator  
  144  16:46  Marine  
  135  16:49  Marauder  
  135  16:53  Marine  
  135  16:56  Widow Mine  
  120  17:02  Marine  
  120  17:05  Liberator  
  119  17:09  Marine, Marauder  
  119  17:12  Marine  
  118  17:17  Marine x2  
  95  17:41  Marine x2  
Show
View Real Time Build Order
Export as new Build Order

Zanster Zerg - Winner!

Build Orders: Hatch First, Muta Ling Bane 

Get SALT Encoding   

  12  0:00  Drone  
  13  0:12  Overlord  
  13  0:17  Drone  
  14  0:31  Drone x2  
  17  0:35  Drone  
  17  0:54  Hatchery  
  17  0:55  Drone  
  17  0:57  Drone  
  18  1:08  Extractor  
  17  1:14  Spawning Pool  
  17  1:16  Drone  
  17  1:19  Drone  
  18  1:28  Drone  
  19  1:39  Overlord  
  19  2:00  Queen  
  19  2:01  Zergling x4  
  23  2:06  Queen  
  23  2:07  Zergling x2  
  23  2:08  Metabolic Boost  
  26  2:12  Drone  
  27  2:19  Drone  
  27  2:22  Drone  
  29  2:28  Drone  
  30  2:33  Drone  
  31  2:39  Queen, Drone  
  31  2:43  Queen  
  36  2:51  Overlord  
  35  3:07  Overlord  
  35  3:09  Drone x3  
  35  3:11  Drone  
  35  3:12  Drone x3  
  42  3:14  Drone  
  43  3:24  Lair  
  43  3:27  Drone  
  43  3:28  Drone x2  
  43  3:29  Drone  
  47  3:35  Overlord  
  47  3:39  Drone  
  48  3:41  Extractor  
  48  3:42  Extractor, Drone  
  48  3:44  Queen  
  49  3:55  Overlord  
  49  3:57  Drone x3  
  49  3:58  Drone  
  49  3:59  Extractor  
  49  4:00  Drone  
  49  4:01  Drone x2  
  55  4:11  Hatchery  
  55  4:17  Overlord  
  54  4:19  Drone  
  54  4:23  Queen  
  57  4:29  Zergling x2  
  57  4:30  Spire  
  57  4:35  Zergling x6  
  57  4:37  Zergling x2  
  57  4:38  Zergling x2  
  62  4:39  Zergling x2  
  62  4:44  Overlord  
  63  4:48  Queen  
  63  4:50  Zergling x2  
  66  4:56  Zergling x4  
  66  4:57  Zergling x4  
  66  4:59  Zergling x2  
  71  5:02  Overlord  
  71  5:06  Zergling x2  
  71  5:07  Zergling x4  
  73  5:20  Overlord  
  66  5:21  Drone x2  
  66  5:26  Queen  
  69  5:29  Drone  
  69  5:30  Drone x5  
  75  5:39  Zergling x2  
  75  5:40  Zergling x6  
  75  5:41  Baneling Nest  
  78  5:46  Overlord  
  78  5:54  Mutalisk x3  
  78  5:55  Mutalisk  
  86  6:00  Mutalisk x2  
  86  6:03  Mutalisk  
  92  6:06  Mutalisk  
  92  6:08  Mutalisk  
  96  6:12  Overlord  
  96  6:18  Overseer, Baneling Nest  
  96  6:24  Zergling x10  
  100  6:28  Zergling x2  
  100  6:30  Zergling x6  
  104  6:34  Zergling x2  
  105  6:42  Zergling x14  
  105  6:46  Evolution Chamber  
  106  6:49  Evolution Chamber  
  106  6:52  Drone x3  
  108  6:55  Extractor x2  
  108  6:58  Overlord  
  106  7:06  Drone  
  106  7:07  Drone x8  
  108  7:08  Drone  
  108  7:10  Drone  
  106  7:17  Drone  
  107  7:23  Zerg Melee Weapons Level 1, Centrifical Hooks, Zerg Ground Armor Level 1  
  107  7:29  Zerg Flyer Weapons Level 1  
  107  7:37  Overlord  
  107  7:38  Drone x4  
  107  7:40  Zergling x4  
  113  7:49  Drone  
  113  7:50  Drone x4  
  118  7:52  Zergling x12  
  118  7:57  Overlord  
  124  8:02  Zergling x2  
  124  8:03  Zergling x2  
  124  8:04  Baneling x5  
  126  8:07  Zergling x2  
  126  8:11  Zergling x2  
  128  8:18  Zergling x8  
  128  8:19  Zergling x14  
  138  8:24  Hatchery  
  135  8:29  Overseer  
  135  8:35  Mutalisk x3  
  135  8:38  Mutalisk  
  135  8:40  Mutalisk  
  145  8:42  Overlord  
  145  8:56  Mutalisk  
  145  8:58  Hatchery, Overlord x2  
  145  9:02  Mutalisk  
  144  9:03  Mutalisk x3  
  144  9:06  Overlord  
  152  9:17  Zergling x2  
  152  9:18  Zergling x24  
  152  9:19  Zerg Melee Weapons Level 2  
  164  9:25  Zerg Ground Armor Level 2  
  164  9:28  Overlord  
  164  9:30  Drone x2  
  166  9:33  Zerg Flyer Weapons Level 2  
  166  9:42  Zergling x2  
  166  9:43  Zergling x10  
  172  9:46  Baneling x8  
  172  9:47  Baneling  
  172  9:48  Zergling x2  
  172  9:49  Zergling x2  
  174  9:58  Drone x2  
  174  9:59  Drone x2  
  178  10:00  Infestation Pit  
  178  10:03  Pneumatized Carapace, Burrow  
  178  10:04  Drone  
  178  10:05  Drone x5  
  183  10:07  Zergling x4  
  183  10:10  Overlord  
  183  10:12  Zergling x6  
  187  10:16  Baneling x8  
  187  10:24  Zergling x14  
  187  10:27  Baneling x6  
  194  10:29  Overlord  
  194  10:31  Zergling x2  
  194  10:32  Zergling x4  
  188  10:51  Zergling x2  
  188  10:52  Zergling x22  
  188  10:54  Hive  
  188  10:58  Zergling x2  
  188  10:59  Zergling x4  
  186  11:10  Drone x4  
  190  11:12  Extractor x2, Drone x2  
  190  11:17  Overlord  
  190  11:18  Hatchery  
  189  11:25  Mutalisk x5  
  189  11:28  Baneling  
  189  11:29  Baneling x8  
  189  11:50  Zergling x28  
  189  11:51  Zergling x2  
  189  11:53  Baneling  
  189  11:54  Baneling x16  
  197  12:04  Zergling x10  
  197  12:05  Zergling x4  
  196  12:09  Zergling x2  
  196  12:10  Zergling x4  
  197  12:22  Zerg Ground Armor Level 3, Zerg Melee Weapons Level 3  
  183  12:24  Zergling x8  
  183  12:25  Zergling x4  
  183  12:27  Queen  
  183  12:29  Adrenal Glands  
  191  12:32  Zergling x16  
  196  12:41  Zergling x6  
  196  12:42  Zergling x16  
  196  12:44  Baneling x15  
  193  12:46  Queen  
  181  13:01  Zergling x28  
  163  13:08  Overseer  
  163  13:09  Overseer  
  163  13:11  Mutalisk  
  163  13:12  Mutalisk x3  
  162  13:17  Zergling x16  
  162  13:18  Baneling x8  
  170  13:21  Zergling x12  
  176  13:29  Zergling x10  
  176  13:32  Zergling x2  
  182  13:36  Zergling x2  
  182  13:37  Baneling x8  
  182  13:38  Baneling  
  183  13:48  Zergling x26  
  191  13:52  Zergling x12  
  198  14:03  Zergling x2  
  198  14:07  Hatchery  
  196  14:25  Zerg Flyer Armor Level 1  
  196  14:28  Ultralisk Cavern  
  193  14:35  Zergling x2  
  193  14:36  Zergling x18  
  190  14:54  Baneling x4  
  171  15:16  Ultralisk  
  171  15:17  Ultralisk x3  
  186  15:22  Chitinous Plating  
  184  15:34  Ultralisk x2  
  184  15:35  Ultralisk x2  
  197  15:50  Baneling  
  197  15:51  Baneling x4  
  191  16:05  Overseer  
  190  16:16  Zergling x8  
  190  16:17  Zergling x10  
  199  16:37  Zergling x2, Hatchery  
  173  17:05  Zergling x2  
  173  17:06  Zergling x34  
  185  17:15  Zergling x24  
  194  17:19  Ultralisk  
  192  17:32  Overlord x2  
  177  17:37  Zergling x4  
  177  17:38  Zergling x28  
  177  17:42  Overlord  

Tags
 
Add a new tag
Caveats
  • Supply blocks, unpowered buildings, or Contaminate may cause inaccurate times.
  • Supply counts are checked every 10 seconds.